 Dungeon Crawl Stone Soup version 0.18-b1-10-g3f7de93 (webtiles) character file.

200 Heskey the Skirmisher (level 5, -2/43 HPs)
             Began as a Demonspawn Gladiator on Apr 29, 2016.
             Slain by a gnoll
             ... wielding a +2 flail of protection
              (9 damage)
             ... on level 3 of the Dungeon.
             The game lasted 00:23:16 (2350 turns).

Heskey the Skirmisher (Demonspawn Gladiator)        Turns: 2350, Time: 00:23:17

Health: -2/43      AC:  6    Str: 16    XL:     5   Next: 49%
Magic:  5/5        EV:  5    Int: 10    God:
Gold:   71         SH:  0    Dex: 13    Spells: 0 memorised, 4 levels left

rFire  . . .     SeeInvis .     a - +0 long sword
rCold  . . .     Gourm    .     h - +0 scale mail
rNeg   . . .     Faith    .     (no shield)
rPois  .         Spirit   .     (helmet restricted)
rElec  .         Dismiss  .     (no cloak)
rCorr  .         Reflect  .     (no gloves)
SustAt .         Harm     .     (no boots)
MR     .....                    (no amulet)
Stlth  ..........               (no ring)
                                (no ring)

@: not resistant to hostile enchantments, extremely unstealthy
A: horns 2
a: no special abilities


You were on level 3 of the Dungeon.
You were not hungry.

You visited 1 branch of the dungeon, and saw 3 of its levels.

You collected 71 gold pieces.

Inventory:

Hand Weapons
 a - a +0 long sword (weapon)
Missiles
 d - 3 throwing nets (quivered)
 k - 8 javelins
Armour
 c - a +0 helmet
 h - a +0 scale mail (worn)
Scrolls
 b - 2 scrolls of identify
 g - a scroll of teleportation
 i - a scroll of amnesia
 j - a scroll of remove curse
 l - 2 scrolls of magic mapping
Potions
 m - 2 potions of curing
Comestibles
 f - 2 bread rations
 n - a meat ration
 q - a slice of pizza


   Skills:
 * Level 4.4 Fighting
 + Level 3.6 Long Blades
 - Level 1.7 Throwing
 + Level 2.0 Armour
 - Level 2.6 Dodging


You had 4 spell levels left.
You didn't know any spells.

Dungeon Overview and Level Annotations

Branches:
Dungeon (3/15)

Altars:


Innate Abilities, Weirdness & Mutations

You have a pair of horns on your head.


Message History

a war axe; a leather armour; a short sword; an orc skeleton You see here a throwing net.
You are too injured to fight recklessly!
You are too injured to fight recklessly!
You are too injured to fight recklessly!
You are too injured to fight recklessly!
You closely miss the gnoll.
The gnoll is almost dead.
The gnoll hits you with a flail of protection.
* * * LOW HITPOINT WARNING * * *
You hit the gnoll.
You headbutt the gnoll, but do no damage.
The gnoll is almost dead.
The gnoll closely misses you. The gnoll misses you.
You see here a leather armour.
All of the chunks of flesh in your inventory have rotted away.
There is an escape hatch in the ceiling here.
The gnoll hits you with a flail of protection!
You die...

.# #.# .#####.#
....##.#
.##.##.####
.##g......#
.......##g#
#########.#########
####.#.......# ##
#.....g..gg@.#
.#####.##.#.......#
....[..##.........#
.....[.####.......#
..<....####.......#
..................#
..>...##.##.#####.#
.###### .##.#####.#
## ##.......#


You could see 3 gnolls.

Vanquished Creatures
  2 orc wizards (D:3)
  Jessica (D:2)
  6 adders
  An ooze (D:1)
  2 dart slugs (D:1)
  3 worms
  6 orcs
  3 giant cockroaches
  4 goblins
  4 hobgoblins (D:2)
  3 jackals (D:3)
  A quokka (D:2)
  2 bats (D:1)
  A giant newt (D:2)
  3 kobolds (D:2)
  7 rats
49 creatures vanquished.

Notes
Turn   | Place    | Note
--------------------------------------------------------------
     0 | D:1      | Heskey the Demonspawn Gladiator began the quest for the Orb.
     0 | D:1      | Reached XP level 1. HP: 16/16 MP: 1/1
   274 | D:1      | Gained mutation: You have a pair of small horns on your head. [demonic ancestry]
   274 | D:1      | Reached XP level 2. HP: 19/22 MP: 2/2
   704 | D:2      | Reached skill level 3 in Fighting
   704 | D:2      | Reached XP level 3. HP: 13/29 MP: 3/3
   705 | D:2      | Reached skill level 1 in Armour
  1464 | D:2      | Reached XP level 4. HP: 35/35 MP: 4/4
  1616 | D:2      | Noticed Jessica
  1621 | D:2      | Killed Jessica
  1813 | D:3      | Reached skill level 4 in Fighting
  1813 | D:3      | Gained mutation: You have a pair of horns on your head. [demonic ancestry]
  1813 | D:3      | Reached XP level 5. HP: 31/42 MP: 5/5
  2350 | D:3      | Slain by a gnoll

Skill      XL: |  1  2  3  4  5 |
---------------+----------------+-----
Long Blades    | 3 |  3.6
Fighting       | 3 4 |  4.4
Armour         | 1 2 |  2.0
Throwing       | |  1.7
Dodging        | |  2.6

Action                   |  1- 3 |  4- 6 || total
-------------------------+-------+-------++-------
Melee: Long sword        |    71 |    96 ||   167
       Headbutt          |     9 |    16 ||    25
  Use: Potion            |     1 |     2 ||     3
       Scroll            |     3 |     1 ||     4
 Stab: Invisible         |       |     3 ||     3
  Eat: Chunk             |     1 |     4 ||     5
Armor: Leather armour    |     9 |       ||     9
       Scale mail        |    14 |    45 ||    59
Dodge: Dodged            |    62 |    93 ||   155
